Map: Dusk Towers

Players

Reality

  • Race: Terran Terran
  • League: Master

BravO - Winner!

  • Race: Terran Terran
  • League: Platinum

Event: Team Gravity's Tournament of Champions #5

VOD

Have the link to the VOD?

Description

Time

  • Played on: Nov. 15, 2015, 6:53 p.m.
  • Length: 10:50

All games in this series

Show
View Real Time Build Order
Export as new Build Order

Reality Terran 

Build Orders: Cyclone Opening, Bio Tank, MMM Bio 

Get SALT Encoding   

  12  0:00  SCV  
  13  0:12  SCV  
  14  0:17  Supply Depot  
  14  0:24  SCV  
  14  0:27  Refinery  
  15  0:39  SCV  
  16  0:44  Barracks  
  16  0:51  SCV  
  17  1:03  SCV  
  18  1:15  SCV  
  19  1:31  Marine, Orbital Command  
  19  1:32  Factory  
  20  1:34  Refinery  
  20  1:36  Supply Depot  
  20  1:49  Marine  
  21  1:56  SCV  
  22  2:07  Marine  
  23  2:09  SCV  
  24  2:16  Factory Tech Lab  
  24  2:21  SCV, Supply Depot  
  25  2:25  Marine  
  26  2:33  SCV  
  26  2:34  Cyclone  
  30  2:45  SCV  
  30  2:48  Barracks Reactor  
  31  2:53  Command Center  
  31  2:57  SCV  
  32  3:04  Starport  
  32  3:09  SCV  
  33  3:15  Supply Depot  
  33  3:21  SCV  
  33  3:24  Cyclone  
  33  3:26  Marine  
  38  3:28  Marine  
  39  3:36  SCV  
  40  3:44  Marine  
  40  3:46  Marine  
  35  3:48  SCV  
  36  4:00  SCV, Cloaking Field  
  36  4:02  Banshee  
  39  4:04  Factory Tech Lab  
  39  4:05  Orbital Command  
  40  4:10  Marine  
  40  4:12  SCV  
  40  4:13  Marine  
  43  4:25  SCV  
  44  4:32  SCV  
  44  4:33  Marine x2  
  44  4:37  SCV  
  48  4:40  Siege Tank  
  48  4:44  SCV  
  48  4:45  Banshee  
  52  4:49  SCV  
  52  4:50  Supply Depot  
  56  4:57  Command Center  
  56  4:59  SCV  
  57  5:01  SCV  
  57  5:05  Marine x2  
  60  5:12  SCV  
  60  5:13  SCV  
  62  5:15  Supply Depot  
  62  5:17  Siege Tank  
  65  5:24  SCV  
  65  5:25  SCV  
  67  5:36  SCV  
  67  5:37  SCV, Barracks, Starport Reactor  
  67  5:39  Barracks  
  67  5:40  Supply Depot  
  67  5:42  Refinery  
  65  5:43  Refinery  
  65  5:46  Marine  
  65  5:48  SCV  
  65  5:49  SCV  
  68  5:50  Stimpack  
  68  5:52  Siege Tank  
  71  6:00  SCV  
  71  6:01  SCV  
  71  6:03  Marine  
  74  6:04  Engineering Bay  
  74  6:06  Engineering Bay  
  74  6:12  SCV  
  74  6:13  SCV  
  76  6:22  Marine  
  76  6:25  Medivac x2  
  79  6:26  SCV, Orbital Command  
  79  6:32  Barracks x2  
  82  6:33  SCV  
  82  6:36  Barracks Reactor  
  82  6:37  Marine x2  
  82  6:38  SCV  
  82  6:40  Marine  
  84  6:47  Supply Depot, SCV  
  84  6:50  SCV  
  75  6:55  Marine x2  
  75  6:59  Medivac  
  77  7:02  SCV  
  77  7:04  Marine  
  77  7:06  Terran Infantry Weapons Level 1  
  77  7:07  Supply Depot  
  75  7:09  Siege Tank  
  75  7:10  Supply Depot  
  75  7:12  Marine  
  75  7:14  Marine  
  75  7:15  Marine  
  81  7:18  Supply Depot  
  81  7:19  Marine  
  81  7:20  Viking  
  81  7:22  Marine  
  83  7:27  Marine x2  
  83  7:28  Supply Depot  
  83  7:31  Orbital Command  
  83  7:32  Marine x2  
  85  7:40  Marine  
  85  7:42  Siege Tank  
  89  7:45  Marine x2  
  89  7:48  Supply Depot  
  89  7:49  Missile Turret  
  89  7:50  Combat Shields, Marine  
  89  7:51  Missile Turret  
  93  7:56  Marine  
  93  7:58  Marine  
  94  8:00  Medivac  
  94  8:01  Barracks Reactor  
  94  8:04  Barracks Reactor  
  96  8:06  Supply Depot  
  96  8:08  Supply Depot  
  96  8:12  Barracks Reactor, Missile Turret  
  96  8:13  Missile Turret  
  96  8:16  Barracks Reactor  
  96  8:19  Marine x2  
  96  8:28  Siege Tank  
  96  8:37  Marine x2  
  96  8:38  Marine  
  90  8:41  Marine x2  
  90  8:42  Marine  
  90  8:48  Marine x2  
  78  8:53  Medivac x2  
  78  8:55  Marine x2  
  79  8:56  Marine  
  79  8:59  Marine x2  
  79  9:00  Marine  
  69  9:06  Marine x2  
  63  9:12  Marine  
  63  9:13  SCV, Marine  
  63  9:14  Marine  
  68  9:17  Marine x2  
  68  9:18  Marine  
  68  9:24  Marine x2  
  72  9:30  Marine x2  
  74  9:32  Marine  
  74  9:34  Marine  
  74  9:35  Marine  
  74  9:36  Marine  
  74  9:38  Siege Tank  
  81  9:41  Marine x2  
  83  9:47  Medivac  
  83  9:48  Medivac, Marine x2  
  83  9:50  Marine  
  83  9:52  Marine x2  
  89  9:54  Marine  
  89  9:59  Marine x2  
  94  10:06  Marine x2  
  96  10:07  Marine  
  96  10:10  Marine x2  
  96  10:11  Marine  
  100  10:17  Marine x2  
  105  10:24  Marine x2  
  105  10:25  Marine  
  105  10:28  Marine x2  
Show
View Real Time Build Order
Export as new Build Order

BravO Terran - Winner!

Build Orders: 1/1/1, Bio Tank, Banshee Rush 

Get SALT Encoding   

  12  0:00  SCV  
  13  0:12  SCV  
  14  0:16  Supply Depot  
  14  0:25  SCV  
  14  0:28  Refinery  
  15  0:38  SCV  
  16  0:44  Barracks  
  16  0:50  SCV  
  17  1:02  SCV  
  18  1:14  SCV  
  19  1:31  Marine, Factory, Orbital Command  
  20  1:35  Supply Depot  
  20  1:40  Refinery  
  20  1:50  Barracks Tech Lab  
  20  1:57  SCV  
  21  2:09  SCV  
  21  2:14  Marine  
  25  2:16  Hellion, Starport  
  25  2:21  SCV  
  26  2:26  Supply Depot  
  26  2:31  Marine  
  26  2:33  SCV  
  26  2:36  Widow Mine  
  30  2:45  SCV  
  30  2:49  Marine  
  32  2:52  Banshee, Cloaking Field  
  32  2:57  Supply Depot  
  35  3:07  Factory Reactor  
  34  3:23  Command Center  
  34  3:25  SCV  
  34  3:38  Banshee  
  34  3:50  SCV  
  35  3:56  Factory Tech Lab  
  35  4:03  SCV  
  36  4:14  Command Center, Siege Tank  
  36  4:16  SCV  
  40  4:17  Marine x2  
  44  4:28  SCV  
  44  4:29  Medivac  
  45  4:35  Supply Depot, Marine x2  
  47  4:39  Orbital Command  
  47  4:41  SCV  
  48  4:49  Siege Tank  
  51  4:54  SCV  
  51  4:59  Medivac  
  54  5:05  Engineering Bay  
  54  5:07  Marine x2  
  54  5:12  SCV x2  
  58  5:21  Siege Tank  
  60  5:31  Missile Turret  
  60  5:34  Viking  
  60  5:45  Missile Turret  
  57  5:50  Marine x2  
  57  5:52  Orbital Command  
  57  5:53  Siege Tank  
  62  5:57  SCV x2  
  62  6:02  Missile Turret  
  63  6:15  Stimpack, Marine  
  61  6:19  SCV x2  
  61  6:20  SCV  
  63  6:32  SCV x3, Marine  
  63  6:44  SCV x2  
  63  6:46  Starport Reactor  
  65  6:47  Barracks  
  65  6:49  Barracks  
  65  6:50  Siege Tank  
  65  6:52  SCV  
  68  6:58  Marine  
  66  7:08  SCV  
  66  7:09  SCV x2  
  69  7:16  Marine  
  69  7:20  Terran Infantry Weapons Level 1  
  69  7:21  SCV x3, Refinery  
  73  7:23  Siege Tank, Refinery  
  76  7:33  SCV x2  
  79  7:40  Marine x2  
  79  7:42  Barracks, Marine  
  79  7:44  Barracks  
  82  7:45  SCV  
  82  7:51  Supply Depot  
  82  7:53  Supply Depot  
  82  7:55  Marine x2, Starport Reactor  
  82  7:58  Marine  
  85  8:13  SCV x3, Siege Tank, Marine x2  
  85  8:15  Marine x2  
  85  8:16  Marine  
  94  8:30  Marine x2  
  94  8:31  Marine x2  
  94  8:32  Marine x2  
  94  8:33  Marine  
  94  8:34  Medivac x2  
  98  8:45  Siege Tank  
  98  8:46  Combat Shields  
  98  8:48  Marine x4  
  95  8:50  Marine x2  
  95  8:51  Marine  
  97  9:06  Marine x4  
  97  9:08  Marine x2  
  97  9:09  Marine  
  94  9:17  Siege Tank  
  94  9:21  Supply Depot  
  94  9:23  Medivac x2  
  101  9:28  Supply Depot  
  101  9:33  Supply Depot x2  
  101  9:42  Barracks Reactor x2  
  101  9:43  Marine x5  
  106  9:48  Supply Depot  
  106  9:49  Siege Tank  
  108  9:53  Medivac x2  
  108  9:58  SCV  
  108  9:59  SCV x2  
  115  10:01  Marine x5  
  120  10:13  Supply Depot  
  119  10:14  Supply Depot  
  119  10:18  Marine x5  
  124  10:21  Marine x2  
  124  10:22  Marine x2  
  124  10:23  Missile Turret  

Tags
 
Add a new tag
Caveats
  • Supply blocks, unpowered buildings, or Contaminate may cause inaccurate times.
  • Supply counts are checked every 10 seconds.